AoeStats
← Clown baby

Glade

510816720Analyzed
1v1 RM · 1d ago on Oct 2, 2026· 26m 22s· 2 players
Game mode
Random Map
Map size
Tiny (2 player)
Population
200
Speed
Normal
Resources
Standard
Victory
Conquest
Starting age
Dark Age
Ending age
Imperial Age
RankedLock teamsTeams togetherTeam positionsShared explorationLock speedFull tech treeHidden civsTurbo modeCheats
Victory
Defeat
🇧🇷 Varangians · Brazil
1323
+17
🇳🇱 Turks · Netherlands
1335
-17
Karamazov
10:59 Feudal Age
14:15 Loom
16:43 Castle Age
15:12 Stone Mining
15:37 Double-Bit Axe
15:36 Horse Collar
16:26 Gold Mining
17:13 Scale Mail Armor
18:46 Bow Saw
Clown baby
10:23 Feudal Age
12:40 Wheelbarrow
15:30 Castle Age
13:48 Double-Bit Axe
14:57 Horse Collar
15:28 Gold Mining
17:35 Stone Mining
18:29 Loom
21:46 Town Watch
23:00 Fletching
24:19 Murder Holes
Connection lost

Rejoining the realm…

Still unreachable

The connection could not be restored.

Session expired

The server has moved on; the page needs a fresh start.